 Dungeon Crawl Stone Soup version 0.28-a0-474-g535839065c (webtiles) character file.

Game seed: 10389272265154000320

95 Sweetruy1997 the Chopper (level 4, -3/35 (37) HPs)
             Began as a Demonspawn Chaos Knight on Sept 15, 2021.
             Was a Plaything of Xom.
             Slain by Crazy Yiuf (9 damage)
             ... on level 2 of the Dungeon.
             The game lasted 00:04:26 (1674 turns).

Sweetruy1997 the Chopper (Demonspawn Chaos Knight)  Turns: 1674, Time: 00:04:28

HP:   -3/35 (37)    AC:  6    Str: 13    XL:     4   Next: 40%
MP:   3/4           EV: 11    Int: 15    God:    Xom [*.....]
Gold: 42            SH:  0    Dex: 13    Spells: 1/3 levels left

rFire   + . .      SeeInvis .   a - +0 hand axe (chaos)
rCold   . . .      Faith    .   (no shield)
rNeg    . . .      Spirit   .   b - +2 leather armour
rPois   .          Reflect  .   (no helmet)
rElec   .          Harm     .   (no cloak)
rCorr   .          Rampage  .   (no gloves)
Will    .....                   d - +0 pair of boots
Stlth   +.........              g - amulet of the acrobat
HPRegen 0.11/turn               (no ring)
MPRegen 0.09/turn               (no ring)

@: lethally poisoned (-3 -> -12), drained
A: claws 2, powered by death 1, clever 1, fire resistance 1
a: Renounce Religion


You were on level 2 of the Dungeon.
You worshipped Xom.
You were a special plaything of Xom.
You visited 1 branch of the dungeon, and saw 2 of its levels.

You collected 42 gold pieces.

Inventory:

Hand Weapons
 a - a +0 hand axe of chaos (weapon)
Armour
 b - a +2 leather armour (worn)
 d - a +0 pair of boots (worn)
Jewellery
 g - an amulet of the acrobat (around neck)
Scrolls
 h - a scroll of enchant armour {unknown}
 i - a scroll of amnesia {unknown}
Potions
 e - a potion of haste {unknown}


   Skills:
 + Level 3.8 Fighting
 + Level 4.0 Axes
 - Level 2.0 Armour
 - Level 1.0 Dodging
 + Level 0.2 Stealth


You had one spell level left.
You knew the following spells:

 Your Spells              Type           Power      Damage    Failure   Level
a - Pain                  Necr           0%         1d4       34%         1
b - Animate Skeleton      Necr           0%         N/A       34%         1

Your spell library contained the following spells:

 Spells                   Type           Power      Damage    Failure   Level
 Ozocubu's Armour         Ice            0%         N/A       71%         3
 Vampiric Draining        Necr           0%         2d6       71%         3
 Metabolic Englaciation   Hex/Ice        0%         N/A       100%        5
 Simulacrum               Ice/Necr       0%         N/A       100%        6


Dungeon Overview and Level Annotations

Branches:
Dungeon (2/15)

Altars:

Annotations:
D:2 Crazy Yiuf


Innate Abilities, Weirdness & Mutations

You have very sharp fingernails.
You regenerate a little health from kills.
Your mind is acute. (Int +2)
Your flesh is heat resistant. (rF+)


Message History

You attempt to give life to the dead...
Before your eyes, flesh is ripped from the corpse!
The dead are walking!
Magic restored.
Found a club.
You open the door.
There is an open door here.
You swap places.
Your kobold skeleton crumbles into dust!
There is an open door here.
You see here a hobgoblin corpse.
Crazy Yiuf shouts!
Crazy Yiuf says, "The present is the child, and the necessary child, of all the past, and the mother of all the future."
Okay, then.
As you read the scroll labelled QEGIME QATSEUNOOLO, it crumbles to dust.
It is a scroll of identify.
c - a potion of degeneration Drop what? 8/52 slots (_ for help) (? for menu, Esc to quit)
You drop a potion of degeneration.
You open the door.
Crazy Yiuf writhes in agony.
Crazy Yiuf hits you with a +2 quarterstaff of chaos!
You feel drained.
Unknown command.
You closely miss Crazy Yiuf.
Crazy Yiuf is lightly wounded.
Crazy Yiuf hits you with a +2 quarterstaff of chaos!
You are lethally poisoned!
You barely miss Crazy Yiuf.
Crazy Yiuf is lightly wounded.
* * * LOW HITPOINT WARNING * * *
You feel very sick. Crazy Yiuf hits you but does no damage.
You hit Crazy Yiuf.
Crazy Yiuf is moderately wounded.
* * * LOW HITPOINT WARNING * * *
You feel very sick.
Crazy Yiuf hits you with a +2 quarterstaff of chaos!
You die...
Xom laughs nastily!

###+..'#
#....'......
#....#
######......
#....#
#.....#
##...#
#######
##.## ##.#
#.## ##.#
#@## #g# ...
#...# #)..#
#####


You could see Crazy Yiuf.

Vanquished Creatures
  2 adders (D:2)
  A worm (D:2)
  A dart slug (D:1)
  4 ball pythons
  12 endoplasms
  A giant cockroach (D:2)
  8 hobgoblins
  4 jackals (D:1)
  8 kobolds
  5 quokkas
  2 bats
  4 frilled lizards
  7 goblins
  2 rats (D:1)
61 creatures vanquished.

Notes
Turn   | Place    | Note
-------+----------+-------------------------------------------
     0 | D:1      | Sweetruy1997 the Demonspawn Chaos Knight began the quest
                  | for the Orb.
     0 | D:1      | Reached XP level 1. HP: 18/18 MP: 1/1
   109 | D:1      | XOM: silly message
   202 | D:1      | Gained mutation: You have sharp fingernails. [demonic
                  | ancestry]
   202 | D:1      | Reached XP level 2. HP: 24/24 MP: 2/2
   317 | D:1      | Reached skill level 3 in Axes
   354 | D:1      | XOM: confusion
   356 | D:1      | Reached skill level 1 in Dodging
   425 | D:1      | XOM: give mutations
   425 | D:1      | Gained mutation: Your flesh is heat resistant. (rF+) [Xom's
                  | grace]
   425 | D:1      | Gained mutation: Your mind is acute. (Int +2) [Xom's grace]
   559 | D:1      | Gained mutation: You regenerate a little health from kills.
                  | [demonic ancestry]
   559 | D:1      | Reached XP level 3. HP: 23/29 MP: 3/3
   769 | D:1      | XOM: god gift: pair of boots {god gift}
  1150 | D:2      | Gained mutation: You have very sharp fingernails. [demonic
                  | ancestry]
  1150 | D:2      | Reached XP level 4. HP: 35/37 MP: 4/4
  1154 | D:2      | XOM: potion effect (curing)
  1327 | D:2      | Found a runed translucent door.
  1328 | D:2      | Noticed Crazy Yiuf
  1380 | D:2      | Reached skill level 4 in Axes
  1555 | D:2      | Learned a level 1 spell: Pain
  1557 | D:2      | Learned a level 1 spell: Animate Skeleton
  1674 | D:2      | Slain by Crazy Yiuf

Illustrated notes

Levels and vault maps discovered:
D:1:      tarquinn_simple_flora_water_c, layout_basic
D:2:      layout_basic, uniq_crazy_yiuf_cottage

Skill      XL: |  1  2  3  4 |
---------------+-------------+-----
Armour         | 2 |  2.0
Axes           | 3 4 |  4.0
Dodging        | 1 |  1.0
Fighting       | |  3.8
Stealth        | |  0.2

Action                   |  1- 3 |  4- 6 || total
-------------------------+-------+-------++-------
Melee: Hand axe          |   118 |    58 ||   176
 Cast: Pain              |       |     1 ||     1
       Animate Skeleton  |       |     1 ||     1
  Use: Scroll            |       |     1 ||     1
 Stab: Sleeping          |     1 |     2 ||     3
       Petrifying        |     1 |       ||     1
Armor: Leather armour    |    41 |    18 ||    59
Dodge: Dodged            |    66 |    33 ||    99

Table legend: (Time is in decaauts)
 A = Elapsed time spent in this place.
 B = Non-inter-level travel time spent in this place.
 C = Inter-level travel time spent in this place.
 D = Time resting spent in this place.
 E = Time spent auto-exploring this place.
 F = Levels seen in this place.
 G = Mean time per level.
                   A        B        C        D        E       F      G
               +--------+--------+--------+--------+--------+-----+--------+
         Total |   1697 |   1691 |      6 |    144 |   1128 |   2 |  848.5 |
       Dungeon |   1697 |   1691 |      6 |    144 |   1128 |   2 |  848.5 |
               +--------+--------+--------+--------+--------+-----+--------+

Top non-repeatable levels by time:
     D:1: 909 daAuts
     D:2: 787 daAuts
